 Dungeon Sprint DCSS version 0.23-a0-694-g178e528 (webtiles) character file.

126 TheOrbIsALie the Skirmisher (level 4, -6/64 HPs)
             Began as a Demonspawn Wizard on Jan 11, 2019.
             Was a Follower of Sif Muna.
             Mangled by a slave (8 damage)
             ... led by Pikel
             ... in the Dungeon (Sprint VII: "The Pits").
             The game lasted 00:02:08 (556 turns).

TheOrbIsALie the Skirmisher (Demonspawn Wizard)      Turns: 556, Time: 00:02:09

Health: -6/64      AC:  2    Str: 13    XL:     4   Next: 84%
Magic:  4/8        EV: 12    Int: 20    God:    Sif Muna [*.....]
Gold:   0          SH:  0    Dex: 11    Spells: 8/9 levels left

rFire    + . .     SeeInvis .   c - +2 quarterstaff
rCold    . . .     Gourm    .   (shield currently unavailable)
rNeg     . . .     Faith    .   a - +0 robe
rPois    .         Spirit   .   b - +0 hat
rElec    .         Reflect  .   (no cloak)
rCorr    .         Harm     .   (no gloves)
MR       .....     NoTele   +   (no boots)
Stlth    ..........             (no amulet)
HPRegen  0.20/turn              (no ring)
MPRegen  0.11/turn              (no ring)

@: berserking (expiring), very quick
A: horns 1, fire resistance 1, powered by pain 1
a: Divine Energy, Renounce Religion


You were in the Dungeon.
You worshipped Sif Muna.
Sif Muna was aware of your devotion.
You were not hungry.

You visited 1 branch

Inventory:

Hand Weapons
 c - a +2 quarterstaff (weapon)
Armour
 a - a +0 robe (worn)
 b - a +0 hat (worn)
Magical Staves
 o - an uncursed staff of energy
Scrolls
 j - a scroll of blinking
 l - 3 scrolls of remove curse
 m - 5 scrolls of amnesia
 n - a scroll of summoning
Potions
 e - 6 potions of curing
 f - 5 potions of heal wounds
 g - a potion of haste
 h - 4 potions of magic
 i - 2 potions of berserk rage
 k - 2 potions of invisibility
Comestibles
 d - 9 rations
 p - a chunk of flesh


   Skills:
 + Level 7.6 Fighting
 - Level 1.7 Dodging
 - Level 1.7 Stealth
 - Level 3.0 Spellcasting
 - Level 5.7 Conjurations
   Level 1.0 Summonings
   Level 0.8 Translocations


You had 8 spell levels left.
You knew the following spells:

 Your Spells              Type           Power        Failure   Level  Hunger
a - Magic Dart            Conj           ####         1%          1    None

Your spell library contained the following spells:

 Spells                   Type           Power        Failure   Level  Hunger
 Conjure Flame            Conj/Fire      ##......     13%         3    ###....
 Call Imp                 Summ           #.......     14%         2    ##.....
 Blink                    Tloc           N/A          16%         2    ##.....
 Mephitic Cloud           Conj/Pois/Air  ##......     19%         3    ###....
 Slow                     Hex            #.......     22%         2    ##.....


Dungeon Overview and Level Annotations

Branches:
Dungeon (1/1)

Altars:
Ashenzari
Cheibriados
Dithmenos
Elyvilon
Fedhas
Gozag
Hepliaklqana
Kikubaaqudgha
Makhleb
Nemelex Xobeh
Okawaru
Qazlal
Ru
Sif Muna
Trog
Uskayaw
Vehumet
Wu Jian
Xom
Yredelemnul
Zin
The Shining One
Beogh
Jiyva
Lugonu

Annotations:
D Dowan


Innate Abilities, Weirdness & Mutations

You have a pair of small horns on your head.
Your flesh is heat resistant. (rF+)
You sometimes gain a little power by taking damage.


Message History

You kill Duvessa!
Sif Muna accepts your kill.
Dowan seems overcome with grief, but rights himself reflexively soon after.
Dowan seems to find hidden reserves of power!
Your Fighting skill gained 7 levels and is now at level 7!
You have reached level 3!
Your experience leads to an increase in your attributes!
Your base attributes are Str 7, Int 19, Dex 11.
Increase (S)trength, (I)ntelligence, or (D)exterity?
You feel clever.
Your demonic ancestry asserts itself...
You feel energised by your suffering.
You have reached level 4!
You feel stronger.
Your demonic ancestry asserts itself...
You feel resistant to heat.
Dowan shakes with grief.
Unknown command.
You closely miss the slave. The slave hits you.
* * * LOW HITPOINT WARNING * * *
You closely miss the slave. The slave hits you!
You die...

##########'##.....
#.?(.')))'.##.....
##########.##.....
#.....).....'.....
#'#####'#####.....
#.#.....#..##.....
#.#.....#))#####'#
#.###'###))##.....
#@#.....#))##.....
#p#.....#[[##.....
#o####'##'###...<.
#e#........##.....
#o#.......รท##.....
#o###########.....
#.. ###### #...
#..e#


You could see a slave, Dowan, 2 orc priests and an orc.

Vanquished Creatures
  Duvessa (D)
  A gnoll (D)
  An ufetubus (D)
  A leopard gecko (D)
  A goblin (D)
  A hobgoblin (D)
  A quokka (D)
  A ball python skeleton (D)
  2 bats (D)
  A frilled lizard (D)
11 creatures vanquished.

Notes
Turn   | Place    | Note
-------+----------+-------------------------------------------
     0 | D        | TheOrbIsALie the Demonspawn Wizard began the quest for the
                  | Orb.
     0 | D        | Reached XP level 1. HP: 13/13 MP: 4/4
    71 | D        | Found a bloodstained altar of Trog.
    71 | D        | Found a deep blue altar of Sif Muna.
    71 | D        | Found a viscous altar of Jiyva.
    71 | D        | Found a hazy altar of Hepliaklqana.
    71 | D        | Found an opulent altar of Gozag.
    72 | D        | Found a glowing golden altar of the Shining One.
    72 | D        | Found a glowing silver altar of Zin.
    72 | D        | Found a basalt altar of Yredelemnul.
    72 | D        | Found a shimmering altar of Xom.
    72 | D        | Found an ornate altar of the Wu Jian Council.
    72 | D        | Found a sacrificial altar of Ru.
    72 | D        | Found a stormy altar of Qazlal.
    72 | D        | Found an iron altar of Okawaru.
    72 | D        | Found a sparkling altar of Nemelex Xobeh.
    72 | D        | Found a burning altar of Makhleb.
    72 | D        | Found a blossoming altar of Fedhas.
    72 | D        | Found a white marble altar of Elyvilon.
    72 | D        | Found a shadowy altar of Dithmenos.
    72 | D        | Found a snail-covered altar of Cheibriados.
    75 | D        | Found a corrupted altar of Lugonu.
    75 | D        | Found a radiant altar of Vehumet.
    75 | D        | Found a roughly hewn altar of Beogh.
    76 | D        | Found an ancient bone altar of Kikubaaqudgha.
    76 | D        | Found a hide-covered altar of Uskayaw.
    76 | D        | Found a shattered altar of Ashenzari.
    77 | D        | Became a worshipper of Sif Muna the Loreminder
   172 | D        | Reached * piety under Sif Muna
   182 | D        | Reached skill level 5 in Conjurations
   182 | D        | Gained mutation: You have a pair of small horns on your
                  | head. [demonic ancestry]
   182 | D        | Reached XP level 2. HP: 2/19 MP: 0/6
   539 | D        | Noticed Duvessa
   539 | D        | Noticed Dowan
   540 | D        | Noticed a slave
   540 | D        | Noticed a black bear
   554 | D        | Killed Duvessa
   554 | D        | Reached skill level 7 in Fighting
   554 | D        | Gained mutation: You sometimes gain a little power by
                  | taking damage. [demonic ancestry]
   554 | D        | Reached XP level 3. HP: 4/36 MP: 4/7
   554 | D        | Gained mutation: Your flesh is heat resistant. (rF+)
                  | [demonic ancestry]
   554 | D        | Reached XP level 4. HP: 5/43 MP: 4/8
   555 | D        | HP: 1/64 [slave[Pikel] (4)]
   556 | D        | Mangled by a slave

Vault maps used:
D:        pitsprint

Skill      XL: |  1  2 |
---------------+-------+-----
Conjurations   | 5 |  5.7
Fighting       | 7 |  7.6
Dodging        | |  1.7
Stealth        | |  1.7
Spellcasting   | |  3.0
Summonings     | |  1.0
Translocations | |  0.8

Action                   |  1- 3 |  4- 6 || total
-------------------------+-------+-------++-------
Melee: Quarterstaff      |    15 |     2 ||    17
       Headbutt          |     1 |       ||     1
 Cast: Magic Dart        |    21 |       ||    21
  Use: Potion            |     2 |       ||     2
Armor: Robe              |     1 |       ||     1
Dodge: Dodged            |    14 |       ||    14

Table legend:
 A = Non-vault XP
 B = Vault XP
 C = Vault XP percentage of total XP
 D = Non-vault monster count
 E = Vault monster count
 F = Vault count percentage of total count
                 A         B        C        D         E       F
            +---------+---------+-------+---------+---------+-------
      Total |       0 |     181 | 100.0 |       0 |      11 | 100.0
            +---------+---------+-------+---------+---------+-------
          D |       0 |     181 | 100.0 |       0 |      11 | 100.0
            +---------+---------+-------+---------+---------+-------
